 Dungeon Crawl Stone Soup version 0.31-a0-142-g31f6795574 (webtiles) character file.

Game seed: 11438637901012270034

4008 timneilson the Blocker (level 10, -3/60 HPs)
             Began as a Gargoyle Fighter on June 3, 2023.
             Was a Priest of Okawaru.
             Slain by Prince Ribbit (10 damage)
             ... on level 8 of the Dungeon.
             The game lasted 00:17:52 (7897 turns).

timneilson the Blocker (Gargoyle Fighter)           Turns: 7897, Time: 00:17:52

Health: -3/60      AC: 22    Str: 20    XL:     10   Next: 23%
Magic:  12/12      EV:  9    Int:  9    God:    Okawaru [***...]
Gold:   208        SH:  6    Dex: 13    Spells: 9/9 levels left

rFire   . . .        q - +0 double sword
rCold   + + .        c - +0 buckler
rNeg    + . .        l - +0 chain mail
rPois   ∞            s - +2 helmet
rElec   +            (no cloak)
rCorr   .            (no gloves)
SInv    .            n - +0 pair of boots
Will    .....        y - amulet of the acrobat Stlth
                     m - ring of protection from cold
HPRegen 0.30/turn    d - ring of protection from cold
MPRegen 0.13/turn

%: acrobat
@: no status effects
A: sickness immunity, AC +7, negative energy resistance 1, electricity
resistance, torment resistance 1, petrification resistance
a: Renounce Religion, Heroism


You were on level 8 of the Dungeon.
You worshipped Okawaru.
Okawaru was most pleased with you.
You visited 2 branches of the dungeon, and saw 9 of its levels.

You collected 418 gold pieces.
You spent 210 gold pieces at shops.

Inventory:

Hand Weapons
 a - a +1 long sword
 q - a +0 double sword (weapon)
Armour
 c - a +0 buckler (worn)
 l - a +0 chain mail (worn)
 n - a +0 pair of boots (worn)
 s - a +2 helmet (worn)
Jewellery
 d - a ring of protection from cold (right hand)
 m - a ring of protection from cold (left hand)
 y - an amulet of the acrobat (around neck)
Wands
 f - a wand of acid (1)
 p - a wand of paralysis (7)
 r - a wand of flame (34)
Scrolls
 e - a scroll of immolation
 g - a scroll of fog
 o - 2 scrolls of teleportation
 u - a scroll of noise {unknown}
 w - a scroll of identify
Potions
 b - 5 potions of lignification
 h - 3 potions of enlightenment
 i - a potion of magic
 j - a potion of ambrosia
 k - 3 potions of attraction
 t - a potion of brilliance {unknown}
 v - a potion of berserk rage {unknown}
 x - 2 potions of might
 z - a potion of curing


   Skills:
 + Level 6.2 Fighting
 * Level 6.3 Long Blades
 * Level 8.0 Armour
 + Level 3.6 Dodging
 * Level 8.1 Shields
 + Level 3.4 Invocations
 + Level 3.8 Evocations


You had 9 spell levels left.
You didn't know any spells.
Your spell library contained the following spells:

 Spells                   Type           Power      Damage    Failure   Level
 Shock                    Conj/Air       0%         1d3       96%         1
 Sting                    Tmut/Pois      0%         1d3       96%         1
 Dazzling Flash           Conj/Hex       0%         N/A       100%        3
 Hailstorm                Conj/Ice       0%         3d3       100%        3
 Inner Flame              Hex/Fire       0%         N/A       100%        3
 Mephitic Cloud           Conj/Pois/Air  0%         N/A       100%        3
 Portal Projectile        Hex/Tloc       0%         N/A       100%        3
 Swiftness                Air            0%         N/A       100%        3
 Volatile Blastmotes      Fire/Tloc      0%         2d10      100%        3
 Airstrike                Air            0%         2d(0-16)  100%        4
 Fulminant Prism          Conj/Hex       0%         3d5       100%        4
 Ice Form                 Ice/Tmut       0%         N/A       100%        4
 Iskenderun's Mystic Bla  Conj/Tloc      0%         2d3       100%        4
 Leda's Liquefaction      Hex/Erth       0%         N/A       100%        4
 Lee's Rapid Deconstruct  Erth           0%         3d4*      100%        5
 Yara's Violent Unravell  Hex/Tmut       0%         3d3       100%        5
 Starburst                Conj/Fire      0%         6d3       100%        6
 Enfeeble                 Hex            0%         N/A       100%        7
 Polar Vortex             Ice            0%         N/A       100%        9
 Call Canine Familiar     Summ           Unusable   N/A       N/A         3

Dungeon Overview and Level Annotations

Branches:
Dungeon (8/15)             Temple (1/1) D:5
   Lair: D:8-11

Altars:
Ashenzari
Cheibriados
Dithmenos
Elyvilon
Fedhas
Gozag
Hepliaklqana
Kikubaaqudgha
Makhleb
Nemelex Xobeh
Okawaru
Qazlal
Ru
Sif Muna
Trog
Uskayaw
Vehumet
Wu Jian
Xom
Yredelemnul
Zin
The Shining One

Shops:
D:2 [[([   D:7 ?   D:8 *

Annotations:
D:8 Prince Ribbit


Innate Abilities, Weirdness & Mutations

You are immune to sickness and miasma.
Your stone body is resilient. (AC +7)
You are immune to poison.
You resist negative energy. (rN+)
You are resistant to electric shocks. (rElec)
You are resistant to unholy torment.
You are immune to petrification.


Message History

Prince Ribbit croaks.
Prince Ribbit blinks!
You block Prince Ribbit's attack.
Prince Ribbit blinks!
Prince Ribbit misses you. Prince Ribbit completely misses you.
You barely miss Prince Ribbit.
Prince Ribbit blinks!
Prince Ribbit hops awkwardly around.
Prince Ribbit misses you.
You completely miss Prince Ribbit.
Prince Ribbit hits you but does no damage.
Prince Ribbit barely misses you.
You barely miss Prince Ribbit. Prince Ribbit closely misses you.
Prince Ribbit hits you!
You miss Prince Ribbit.
Prince Ribbit hits you but does no damage.
You closely miss Prince Ribbit. Prince Ribbit closely misses you.
Prince Ribbit winks and puckers his lips.
Prince Ribbit hits you!
You barely miss Prince Ribbit. You block Prince Ribbit's attack.
Prince Ribbit hits you but does no damage.
You slash Prince Ribbit!
Prince Ribbit is heavily wounded.
Prince Ribbit hits you.
You barely miss Prince Ribbit.
Prince Ribbit is heavily wounded.
Prince Ribbit hits you! x2
* * * LOW HITPOINT WARNING * * *
You barely miss Prince Ribbit.
Prince Ribbit is heavily wounded.
Prince Ribbit hits you.
* * * LOW HITPOINT WARNING * * *
You closely miss Prince Ribbit.
Prince Ribbit is heavily wounded.
Prince Ribbit barely misses you.
Prince Ribbit hits you but does no damage.
You barely miss Prince Ribbit.
Prince Ribbit is heavily wounded.
Prince Ribbit hits you!
* * * LOW HITPOINT WARNING * * *
Prince Ribbit hits you!
You die...

........##..# #.# #.# #.##.#
#.# ............# #.# #.#
#.##.# #.#
#####.##..#.####.###.# #.##.#
#.# .####.#..............#
#.##.# #.#
....#.#.#....####.#### #.##.#
#.# .##.#.#.#.........#
#.##.# #..
....#.#.#####.##..#
###.##.###..
.#..#.#.#.......F.#
#.........†.
.#..#.#......#..@.#
#.#.##.###..
.#........#.###...# #.#.##.#
#..
.#....#.#.#.###...##.#.#.##.#
#..
................(....#.#.##.#
#..
#..#....#<#####...##.#.#.##.#
#..
#..#.................#.#.##.#
#..
#..#..#.######.#.....#.#.##.#
#..
#..#..#.####...#.......#.##.#
#..
#..#..#........#...#.#.#....#
#..


You could see Prince Ribbit.

Vanquished Creatures
  Pikel (D:7)
  3 vampire mosquitoes (D:8)
  A steam dragon (D:5)
  2 water moccasins
  An acid dragon (D:8)
  2 orc warriors (D:7)
  4 ice beasts
  A sky beast (D:7)
  2 ogres
  3 bullfrogs
  Blork the orc (D:5)
  4 scorpions
  10 wights
  4 howler monkeys
  4 hounds
  5 orc priests
  4 iguanas
  6 orc wizards
  6 gnolls
  4 river rats (D:5)
  9 adders
  A shadow imp (D:8)
  An ufetubus (D:5)
  4 worms
  3 dart slugs
  19 orcs
  7 ball pythons
  3 endoplasms
  7 giant cockroaches
  5 goblins
  10 hobgoblins
  5 kobolds
  5 quokkas
  7 bats
  A frilled lizard (D:1)
  A rat (D:1)
156 creatures vanquished.

Notes
Turn   | Place    | Note
-------+----------+-------------------------------------------
     0 | D:1      | timneilson the Gargoyle Fighter began the quest for the
                  | Orb.
     0 | D:1      | Reached XP level 1. HP: 14/14 MP: 1/1
   217 | D:1      | Reached XP level 2. HP: 19/19 MP: 2/2
   626 | D:2      | Reached XP level 3. HP: 5/23 MP: 3/3
   731 | D:2      | Got Sollofeh's Spellbook of the Wendigo and Toxicants
   739 | D:2      | Found Arhoeck's Antique Armour Shoppe.
   836 | D:2      | Found Otogres's Armour Boutique.
   905 | D:2      | HP: 1/23 [worm (7)]
  1079 | D:2      | Found Menyj's Armour Shop.
  1158 | D:2      | Found Usialysh's Antique Weapon Emporium.
  1415 | D:2      | Reached XP level 4. HP: 28/28 MP: 4/4
  1498 | D:3      | Paralysed by a hobgoblin for 5 turns
  1791 | D:3      | Reached XP level 5. HP: 33/33 MP: 5/5
  2025 | D:3      | Reached skill level 1 in Dodging
  2383 | D:4      | Noticed an ogre
  2390 | D:4      | Killed an ogre
  2406 | D:4      | Reached XP level 6. HP: 22/38 MP: 6/6
  2426 | D:4      | Noticed an ice beast
  2439 | D:4      | Killed an ice beast
  2440 | D:4      | Reached skill level 1 in Evocations
  2600 | D:4      | Found a blossoming altar of Fedhas.
  2811 | D:4      | Reached skill level 5 in Shields
  2811 | D:4      | Reached XP level 7. HP: 43/43 MP: 7/7
  2831 | D:5      | Entered Level 5 of the Dungeon
  2874 | D:5      | Reached skill level 5 in Armour
  2981 | D:5      | Noticed Blork the orc
  3014 | D:5      | Killed Blork the orc
  3463 | D:5      | Noticed a steam dragon
  3468 | D:5      | Killed a steam dragon
  3469 | D:5      | Reached XP level 8. HP: 48/48 MP: 8/8
  3487 | D:5      | Found a shadowy altar of Dithmenos.
  3490 | D:5      | Found a staircase to the Ecumenical Temple.
  3513 | Temple   | Entered the Ecumenical Temple
  3967 | Temple   | Became a worshipper of Warmaster Okawaru
  4784 | D:6      | Reached skill level 5 in Fighting
  4796 | D:6      | Reached skill level 1 in Invocations
  5201 | D:7      | Found Xucex's Magic Scroll Shop.
  5273 | D:7      | Noticed Pikel
  5435 | D:7      | Killed Pikel
  5435 | D:7      | Reached * piety under Okawaru
  5436 | D:7      | Reached skill level 5 in Long Blades
  5436 | D:7      | Reached XP level 9. HP: 25/54 MP: 10/10
  6001 | D:7      | Reached ** piety under Okawaru
  6786 | D:7      | Reached XP level 10. HP: 49/60 MP: 12/12
  6797 | D:8      | Reached *** piety under Okawaru
  6881 | D:8      | HP: 3/60 [vampire mosquito (4)]
  7308 | D:8      | Found Doujopn's Desiderata Depot.
  7312 | D:8      | Bought a +0 double sword for 210 gold pieces
  7667 | D:8      | Found a burning altar of Makhleb.
  7878 | D:8      | Noticed Prince Ribbit
  7897 | D:8      | Slain by Prince Ribbit

Illustrated notes

Levels and vault maps discovered:
D:1:      dpeg_arrival_three_smaller_balls, layout_basic, minivault_19
D:2:      layout_loops_ring, serial_glass, glass_columns_c, glass_columns_c,
          glass_columns_c, glass_columns_a, glass_columns_b,
          minmay_strange_pillars, minmay_strange_pillars, serial_shops, shop,
          shop, shop, shop
D:3:      layout_basic
D:4:      layout_cave_pools, fedhas_ov_isle_minmay
D:5:      wad_woods_stonehenge, layout_rooms, nicolae_half_adder,
          uniq_blork_the_orc
D:6:      layout_cave_pods
D:7:      layout_rooms, serial_shops, shop, nrook_campfire, uniq_pikel
D:8:      layout_basic, lemuel_tele_altar, nicolae_alphabet_shops,
          uniq_prince_ribbit1
Temple:   mainiacjoe_temple_big_plus

Skill      XL: |  1  2  3  4  5  6  7  8  9 10 |
---------------+-------------------------------+-----
Long Blades    | 2 3 4 5 6 |  6.3
Armour         | 4 5 6 7 8 |  8.0
Shields        | 4 5 6 7 8 |  8.1
Dodging        | 1 2 3 |  3.6
Fighting       | 4 5 6 |  6.2
Evocations     | 1 2 3 |  3.8
Invocations    | 2 3 |  3.4

Action                     |  1- 3 |  4- 6 |  7- 9 | 10-12 || total
---------------------------+-------+-------+-------+-------++-------
  Melee: Long sword        |   120 |   134 |   475 |    99 ||   828
         Double sword      |       |       |       |    18 ||    18
 Invoke: Heroism           |       |       |     1 |       ||     1
  Evoke: Wand              |       |       |    14 |       ||    14
    Use: Scroll            |     5 |     2 |     9 |       ||    16
         Potion            |       |     2 |     5 |     1 ||     8
   Stab: Invisible         |       |     1 |       |       ||     1
 Armour: Scale mail        |    53 |       |       |       ||    53
         Chain mail        |    31 |    84 |   291 |    73 ||   479
  Dodge: Dodged            |    61 |    53 |   186 |    68 ||   368
  Block: Buckler           |    20 |    24 |   147 |    33 ||   224

Table legend: (Time is in decaauts)
 A = Elapsed time spent in this place.
 B = Non-inter-level travel time spent in this place.
 C = Inter-level travel time spent in this place.
 D = Time resting spent in this place.
 E = Time spent auto-exploring this place.
 F = Levels seen in this place.
 G = Mean time per level.
                   A        B        C        D        E       F      G
               +--------+--------+--------+--------+--------+-----+--------+
         Total |   8070 |   7890 |    180 |    763 |   4814 |   9 |  896.7 |
       Dungeon |   7585 |   7477 |    108 |    763 |   4409 |   8 |  948.1 |
        Temple |    484 |    412 |     72 |      0 |    405 |   1 |  484.0 |
               +--------+--------+--------+--------+--------+-----+--------+

Top non-repeatable levels by time:
     D:8: 1298 daAuts
     D:6: 1157 daAuts
     D:7: 1127 daAuts
     D:5: 1087 daAuts
     D:3: 904 daAuts
     D:2: 870 daAuts
     D:1: 573 daAuts
     D:4: 566 daAuts
  Temple: 484 daAuts
